Map: Acid Plant LE

Players

MaNa - Winner!

  • Race: Protoss Protoss
  • Spawn Location: 5:00

Namshar

  • Race: Zerg Zerg
  • Spawn Location: 11:00

Event: WCS Austin 2018

VOD

Have the link to the VOD?

Description

Time

  • Played on: June 1, 2018, 3:45 p.m.
  • Length: 15:19

All games in this series

Show
View Real Time Build Order
Export as new Build Order

MaNa Protoss - Winner!

Build Orders: 1 Gate Expand, Oracle Opening, Phoenix Opening, Chargelot Immortal 

Get SALT Encoding   

  12  0:00  Probe  
  13  0:12  Probe  
  14  0:17  Pylon  
  14  0:24  Probe  
  15  0:32  Probe  
  15  0:37  Assimilator  
  15  0:40  Probe  
  16  0:48  Gateway  
  17  0:50  Probe  
  18  0:58  Probe  
  19  1:06  Probe  
  20  1:27  Nexus  
  20  1:37  Cybernetics Core  
  20  1:40  Probe  
  20  1:45  Assimilator  
  21  1:52  Probe  
  22  1:55  Pylon  
  22  2:04  Probe  
  22  2:06  Adept  
  23  2:15  Stargate  
  25  2:19  Probe  
  26  2:23  Warp Gate  
  26  2:31  Probe  
  26  2:32  Adept  
  26  2:35  Probe  
  29  2:43  Probe x2  
  32  2:53  Probe  
  32  2:55  Probe  
  34  2:59  Adept  
  34  3:01  Phoenix  
  34  3:05  Probe  
  39  3:09  Probe  
  40  3:17  Probe  
  39  3:21  Probe  
  39  3:25  Gateway  
  39  3:26  Gateway  
  40  3:29  Probe  
  40  3:33  Probe  
  42  3:34  Pylon  
  42  3:39  Oracle  
  45  3:41  Probe  
  46  3:52  Twilight Council, Probe  
  46  3:54  Assimilator  
  48  3:55  Probe  
  48  4:03  Assimilator  
  48  4:04  Probe  
  48  4:06  Pylon  
  48  4:07  Probe  
  48  4:08  Resonating Glaives  
  50  4:15  Pylon  
  50  4:16  Oracle  
  53  4:18  Probe  
  54  4:24  Probe  
  54  4:26  Pylon  
  54  4:31  Adept x2  
  57  4:34  Adept  
  57  4:38  Probe x2  
  63  4:50  Probe  
  63  4:52  Adept x2  
  68  4:56  Adept  
  70  5:01  Probe  
  70  5:02  Probe  
  72  5:09  Pylon  
  72  5:27  Adept x3  
  70  5:31  Probe  
  71  5:39  Robotics Facility, Nexus  
  71  5:40  Robotics Facility  
  69  5:47  Adept x3, Probe x2  
  77  5:53  Pylon  
  77  5:55  Probe x2  
  77  5:59  Forge  
  79  6:07  Sentry  
  79  6:08  Sentry x2  
  85  6:12  Probe x2  
  85  6:15  Pylon  
  87  6:19  Pylon  
  87  6:22  Immortal  
  87  6:25  Probe x2  
  89  6:28  Observer  
  94  6:33  Protoss Ground Weapons Level 1  
  94  6:40  Immortal  
  94  6:50  Probe x2  
  94  6:52  Charge  
  94  6:53  Templar Archives  
  100  6:56  Gateway  
  100  7:01  Assimilator  
  100  7:02  Probe  
  100  7:03  Assimilator  
  100  7:05  Probe  
  100  7:08  Immortal  
  106  7:14  Probe x2  
  108  7:16  Gateway  
  108  7:17  Gateway  
  108  7:22  Immortal  
  112  7:25  Probe  
  112  7:26  Probe  
  112  7:28  Psionic Storm  
  112  7:29  Probe  
  115  7:35  Forge  
  115  7:36  Observer  
  115  7:37  Probe  
  115  7:40  Pylon  
  116  7:44  High Templar x2  
  116  7:45  Probe x2  
  116  7:46  Photon Cannon  
  122  7:52  Warp Prism  
  122  7:53  Protoss Ground Armor Level 1  
  122  7:56  Pylon  
  124  8:02  High Templar x2  
  128  8:08  Protoss Ground Weapons Level 2  
  128  8:11  Observer  
  128  8:12  Nexus  
  129  8:21  Pylon  
  129  8:23  Pylon  
  129  8:25  Photon Cannon  
  129  8:28  Shield Battery  
  129  8:31  Zealot x4  
  137  8:39  Immortal  
  137  8:40  Immortal  
  145  8:48  Shield Battery  
  145  8:50  Zealot, Shield Battery  
  147  8:59  High Templar x3  
  153  9:05  Pylon x2  
  153  9:07  Pylon  
  153  9:18  Immortal  
  153  9:23  Immortal  
  161  9:28  High Templar  
  161  9:29  Zealot, High Templar  
  166  9:38  Archon  
  166  9:44  Zealot x3  
  164  9:49  Probe x2  
  164  9:51  Assimilator  
  164  9:52  Protoss Ground Armor Level 2, Assimilator  
  166  9:57  Observer  
  166  9:58  Zealot  
  169  10:02  Immortal  
  169  10:04  Blink  
  169  10:06  Probe x4  
  177  10:18  Probe  
  177  10:19  Immortal, Photon Cannon x2  
  178  10:28  Probe  
  178  10:35  Probe x2  
  168  10:42  Zealot x5  
  171  10:44  Immortal  
  179  10:58  Immortal  
  179  11:01  Gateway  
  179  11:02  Gateway  
  183  11:05  Gateway  
  183  11:07  Zealot x2  
  187  11:11  Pylon  
  187  11:14  Pylon  
  179  11:23  Warp Prism  
  177  11:26  Gateway x2  
  177  11:27  High Templar  
  177  11:28  High Templar x5  
  177  11:32  Archon x3  
  187  11:33  Probe x3  
  187  11:34  Probe  
  187  11:37  Observer  
  191  11:45  Probe  
  192  11:51  Observer  
  192  12:01  Photon Cannon  
  192  12:04  Photon Cannon  
  192  12:08  High Templar x3, Photon Cannon  
  190  12:19  Archon  
  190  12:20  Archon  
  190  12:22  Zealot x6  
  186  12:42  Zealot x5  
  186  12:43  Zealot x2  
  196  13:00  Zealot x2  
  198  13:08  Zealot x3  
  184  13:13  Archon  
  184  13:18  Stalker  
  184  13:19  Stalker x5  
  176  13:24  Stalker x2  
  156  13:36  Stalker x3  
  162  13:43  Zealot x6  
  162  13:44  Zealot  
  166  13:51  Immortal  
  160  13:58  Stalker x3  
  160  13:59  Stalker x4  
  174  14:05  High Templar x3  
  174  14:06  High Templar  
  182  14:12  Archon  
  182  14:13  Archon  
  182  14:18  Zealot x2  
  182  14:21  High Templar x2  
  182  14:22  High Templar x2  
  194  14:26  Archon x2  
  192  14:40  Fleet Beacon  
  192  14:43  Zealot x5  
  183  15:13  Stalker x9  
  183  15:14  Stalker  
Show
View Real Time Build Order
Export as new Build Order

Namshar Zerg 

Build Orders: Hatch First, Brood Lord Corruptor 

Get SALT Encoding   

  12  0:00  Drone  
  13  0:16  Overlord  
  13  0:17  Drone  
  14  0:34  Drone  
  14  0:35  Drone  
  16  0:48  Hatchery  
  15  0:52  Drone  
  15  0:56  Drone  
  17  1:08  Drone  
  18  1:11  Extractor  
  18  1:15  Spawning Pool  
  18  1:18  Drone  
  17  1:30  Drone  
  18  1:39  Drone  
  19  1:50  Overlord  
  19  2:02  Queen x2  
  19  2:03  Drone, Zergling x2  
  25  2:11  Drone x2  
  25  2:15  Metabolic Boost  
  27  2:21  Drone  
  28  2:24  Drone  
  29  2:32  Drone x2  
  31  2:44  Hatchery  
  31  2:46  Drone  
  31  2:52  Pneumatized Carapace  
  31  2:55  Overlord  
  31  2:58  Zergling x2  
  31  3:01  Drone  
  32  3:14  Spore Crawler  
  32  3:16  Drone x5  
  36  3:21  Drone  
  36  3:24  Drone  
  36  3:26  Queen  
  40  3:34  Overlord  
  40  3:36  Drone  
  40  3:40  Drone  
  42  3:48  Overlord, Lair  
  42  3:53  Drone x2  
  42  3:55  Spore Crawler  
  43  3:58  Queen  
  43  4:01  Drone x2  
  47  4:05  Drone x2  
  47  4:08  Drone x2  
  51  4:12  Overlord  
  51  4:13  Drone  
  52  4:17  Extractor  
  52  4:18  Drone x2  
  52  4:22  Overlord  
  52  4:23  Spore Crawler  
  52  4:28  Drone x2  
  52  4:29  Drone x2  
  56  4:36  Overlord  
  56  4:39  Drone, Extractor  
  56  4:40  Drone x3, Extractor  
  58  4:50  Drone, Hydralisk Den  
  58  4:51  Drone  
  59  4:54  Zergling x14  
  59  4:59  Baneling Nest, Zergling x2  
  66  5:01  Zergling x2  
  66  5:02  Zergling x4  
  66  5:06  Queen  
  71  5:09  Zergling x4  
  72  5:28  Drone x5  
  74  5:37  Drone  
  74  5:38  Overlord x2  
  74  5:39  Overlord x2  
  74  5:40  Grooved Spines  
  74  5:42  Evolution Chamber, Centrifical Hooks  
  74  5:46  Baneling x4  
  73  5:51  Queen  
  74  5:58  Drone  
  74  5:59  Drone x2  
  74  6:00  Drone x2  
  74  6:01  Zergling x8  
  83  6:05  Queen  
  83  6:08  Baneling  
  83  6:10  Baneling  
  85  6:11  Zergling x2  
  85  6:14  Zerg Missile Weapons Level 1  
  85  6:20  Overlord  
  85  6:21  Overlord  
  85  6:22  Zergling x12  
  85  6:24  Baneling x2  
  91  6:26  Overlord  
  91  6:31  Drone x4  
  95  6:33  Extractor  
  95  6:35  Drone  
  95  6:36  Drone  
  95  6:39  Drone  
  97  6:51  Drone, Muscular Augments  
  97  6:52  Drone x3, Extractor  
  97  6:53  Drone  
  101  6:57  Overlord x2  
  101  6:58  Hydralisk x2  
  101  7:00  Drone  
  106  7:06  Hatchery  
  105  7:08  Baneling x2  
  105  7:09  Baneling x2  
  105  7:10  Hydralisk x4  
  105  7:15  Overlord  
  113  7:18  Drone  
  113  7:19  Evolution Chamber  
  113  7:25  Hydralisk x2  
  113  7:26  Hydralisk x2  
  113  7:27  Overseer  
  121  7:30  Overlord  
  121  7:31  Overlord  
  121  7:48  Hydralisk  
  121  7:49  Hydralisk x7  
  121  7:50  Drone  
  121  7:51  Drone x2  
  140  8:03  Overlord x2  
  140  8:04  Overlord x2  
  140  8:10  Drone  
  140  8:11  Hatchery  
  140  8:13  Zerg Missile Weapons Level 2  
  140  8:17  Zerg Melee Weapons Level 1  
  140  8:19  Overlord  
  140  8:21  Baneling x3  
  140  8:22  Spore Crawler  
  139  8:28  Hydralisk x3  
  145  8:39  Spine Crawler, Hydralisk x3  
  145  8:40  Hydralisk  
  152  8:41  Infestation Pit  
  152  8:45  Baneling x6  
  152  8:46  Hydralisk  
  153  8:50  Drone  
  153  8:51  Drone x4  
  153  8:54  Drone x3  
  161  9:05  Drone  
  162  9:12  Hydralisk x5  
  162  9:14  Hatchery  
  171  9:19  Hydralisk x2  
  171  9:20  Zergling x6  
  177  9:31  Hydralisk x2, Zergling x2  
  177  9:32  Zergling x14  
  177  9:35  Drone  
  186  9:48  Hive  
  186  9:49  Drone  
  186  9:50  Drone  
  186  9:51  Spire, Queen, Extractor  
  188  9:58  Drone x2, Zergling x2  
  190  10:00  Drone, Hydralisk x2  
  190  10:01  Zergling x8  
  190  10:06  Baneling x11  
  190  10:07  Baneling x2  
  195  10:21  Baneling  
  195  10:22  Baneling x2  
  191  10:34  Hydralisk  
  191  10:35  Zergling x28  
  193  10:46  Hydralisk, Zergling x2  
  193  10:47  Zergling x10  
  188  10:59  Drone  
  188  11:00  Drone x3, Extractor  
  188  11:01  Zerg Melee Weapons Level 2  
  188  11:02  Zerg Missile Weapons Level 3  
  191  11:08  Baneling x4  
  191  11:10  Greater Spire  
  188  11:26  Hydralisk, Zergling x8  
  188  11:27  Zergling x12  
  191  11:52  Corruptor x4  
  191  11:53  Corruptor  
  199  11:54  Overseer  
  199  11:55  Overseer x2  
  199  11:57  Adrenal Glands  
  199  11:59  Baneling x9  
  146  12:30  Brood Lord x2, Hydralisk x4  
  146  12:31  Hydralisk, Zergling x2  
  146  12:32  Zergling x24  
  146  12:33  Brood Lord  
  146  12:34  Brood Lord x2  
  179  12:38  Hydralisk, Zergling x2  
  179  12:39  Zergling x36  
  200  12:47  Hydralisk, Zergling x2  
  200  12:48  Zergling x4  
  199  12:53  Baneling x8  
  199  12:56  Hydralisk  
  199  12:57  Hydralisk x2  
  198  13:02  Baneling x6  
  198  13:04  Hydralisk, Zergling x2  
  198  13:05  Zergling x12  
  190  13:09  Hydralisk  
  190  13:10  Zergling x2  
  155  13:16  Hydralisk  
  155  13:17  Zergling x20  
  140  13:24  Drone x2  
  140  13:25  Drone  
  137  13:33  Corruptor x4  
  137  13:34  Corruptor  
  138  13:35  Hydralisk  
  138  13:36  Zergling x4  
  145  13:48  Hydralisk  
  132  13:49  Zergling x10  
  139  14:05  Corruptor x4  
  139  14:09  Drone x3  
  150  14:10  Drone  
  150  14:11  Extractor  
  150  14:13  Hatchery, Drone x3  
  152  14:25  Overlord  
  152  14:40  Baneling x7  
  152  14:42  Brood Lord  
  152  14:43  Zergling x2  
  152  14:44  Zergling x22  
  156  14:49  Zergling x8  
  156  14:50  Corruptor  
  160  14:53  Brood Lord  
  160  14:56  Extractor  
Tags
 
Add a new tag
Caveats
  • Supply blocks, unpowered buildings, or Contaminate may cause inaccurate times.
  • Supply counts are checked every 10 seconds.